[Event "RUS-ch Blitz Women 2018"]
[Site "Sochi"]
[Date "2018.10.07"]
[Round "12"]
[White "Vasilevich, Tatjana"]
[Black "Guseva, Marina"]
[Result "0-1"]
[ECO "A12"]
[WhiteElo "2360"]
[BlackElo "2292"]
[Annotator "ChessBase"]
[PlyCount "68"]
[EventDate "2018.10.07"]
[EventType "swiss"]
[EventCountry "RUS"]
[SourceTitle "playchess.com"]
[Source "ChessBase"]
[SourceQuality "1"]
[TimeControl "180+2"]

1. c4 c6 2. Nf3 d5 3. b3 Bf5 4. g3 e6 5. Bg2 Nd7 6. O-O h6 7. Bb2 Ngf6 8. d3 Be7 9. Nbd2 O-O 10. Re1 Bh7 11. e4 Nc5 12. Qc2 dxe4 13. dxe4 Qd3 14. Qc1 Rad8 15. Bf1 Qd7 16. Qc2 Nd3 17. Bxd3 Qxd3 18. Qc1 Bb4 19. Bxf6 gxf6 20. Rd1 Bxe4 21. Nxe4 Qxe4 22. Nh4 Kg7 23. Qb2 Rd3 24. a3 Bc3 25. Qc2 Rxd1+ 26. Qxd1 Bxa1 27. Qxa1 Rd8 28. Ng2 Qc2 29. Ne3 Qxb3 30. Qf1 Qd3 31. Qh3 Qe4 32. Qh5 Rd2 33. h4 Rb2 34. Qd1 Rb1 0-1

[Event "RUS-ch Blitz Women 2018"]
[Site "Sochi"]
[Date "2018.10.07"]
[Round "12"]
[White "Charochkina, Daria"]
[Black "Dordzhieva, Dinara"]
[Result "0-1"]
[ECO "D35"]
[WhiteElo "2344"]
[BlackElo "2340"]
[Annotator "ChessBase"]
[PlyCount "84"]
[EventDate "2018.10.07"]
[EventType "swiss"]
[EventCountry "RUS"]
[SourceTitle "playchess.com"]
[Source "ChessBase"]
[SourceQuality "1"]
[TimeControl "180+2"]

1. d4 d5 2. c4 e6 3. Nc3 Nf6 4. cxd5 exd5 5. Bg5 Be7 6. e3 c6 7. Qc2 Nbd7 8. Bd3 Nh5 9. Bxe7 Qxe7 10. Nge2 g6 11. O-O O-O 12. Rae1 Nb6 13. Nc1 Ng7 14. f3 Qf6 15. Qf2 Ne6 16. Nb3 Re8 17. f4 Ng7 18. e4 dxe4 19. Nxe4 Qd8 20. Nbc5 Nd5 21. Ng5 Rxe1 22. Rxe1 b6 23. Nce4 h6 24. Nf3 Nxf4 25. Ne5 Nge6 26. Nxc6 Nxd3 27. Nxd8 Nxf2 28. Nxf2 Bd7 29. Nxe6 Bxe6 30. a3 Rd8 31. Rd1 Bd5 32. Ng4 Kg7 33. Ne3 Be4 34. Kf2 f5 35. g3 Kf6 36. Nc4 Rc8 37. Ne3 Rd8 38. Nc4 g5 39. Ke3 Bd5 40. Ne5 Rc8 41. Kd2 f4 42. Rf1 Kf5 0-1

[Event "RUS-ch Blitz Women 2018"]
[Site "Sochi"]
[Date "2018.10.07"]
[Round "12"]
[White "Belenkaya, Dina"]
[Black "Sukhareva, Evgeniya"]
[Result "0-1"]
[ECO "B06"]
[WhiteElo "2329"]
[BlackElo "2125"]
[Annotator "ChessBase"]
[PlyCount "110"]
[EventDate "2018.10.07"]
[EventType "swiss"]
[EventCountry "RUS"]
[SourceTitle "playchess.com"]
[Source "ChessBase"]
[SourceQuality "1"]
[TimeControl "180+2"]

1. e4 g6 2. d4 Bg7 3. Nc3 d6 4. Nf3 c6 5. a4 Nf6 6. Be2 O-O 7. O-O Qc7 8. a5 e5 9. dxe5 dxe5 10. Bc4 Nbd7 11. Qe2 Nc5 12. h3 Be6 13. Bxe6 Nxe6 14. Be3 Nf4 15. Qc4 Rfd8 16. a6 Ne8 17. axb7 Qxb7 18. b3 Nc7 19. Ra5 Re8 20. Rfa1 a6 21. Na4 Nb5 22. Nc5 Qc8 23. Rxa6 Rxa6 24. Rxa6 Bf8 25. Qa4 Nxh3+ 26. gxh3 Qxh3 27. Nh2 Nc3 28. Qc4 Nd1 29. Nd7 Qxd7 30. Qe2 Nxe3 31. fxe3 Rd8 32. Nf1 h5 33. Ra5 Qe7 34. Ra6 Qf6 35. Qf2 Qe6 36. Rb6 Bc5 37. Rb7 Bf8 38. c4 Rd1 39. Qf3 Rd3 40. Rb8 Kg7 41. Rb7 Bc5 42. Kf2 Rc3 43. Kg2 Rc2+ 44. Kg1 Ba3 45. Rc7 Be7 46. Rb7 Bg5 47. Rc7 Bh4 48. Rb7 Bf2+ 49. Kh1 Be1 50. Ra7 Rf2 51. Qg3 Rxf1+ 52. Kg2 Bxg3 53. Kxf1 Qh3+ 54. Ke2 Qg2+ 55. Kd3 Be1 {[%emt 0:00:02] Kd4} 0-1

[Event "RUS-ch Blitz Women 2018"]
[Site "Sochi"]
[Date "2018.10.07"]
[Round "12"]
[White "Protopopova, Anastasiya"]
[Black "Vasilevich, Irina"]
[Result "0-1"]
[ECO "E00"]
[WhiteElo "2308"]
[BlackElo "2160"]
[Annotator "ChessBase"]
[PlyCount "59"]
[EventDate "2018.10.07"]
[EventType "swiss"]
[EventCountry "RUS"]
[SourceTitle "playchess.com"]
[Source "ChessBase"]
[SourceQuality "1"]
[TimeControl "180+2"]

1. d4 e6 2. c4 Bb4+ 3. Nd2 f5 4. g3 Nf6 5. Bg2 O-O 6. Ngf3 d6 7. O-O Bxd2 8. Qxd2 Nbd7 9. b3 Qe8 10. Bb2 a5 11. Rac1 e5 12. dxe5 dxe5 13. Ba3 c5 14. Ne1 Ra7 15. Nd3 b6 16. Bb2 Bb7 17. Bxb7 Rxb7 18. Nxe5 Nxe5 19. Qd6 Nf7 20. Qd3 Qe4 21. Qc3 Rd7 22. Rcd1 Rfd8 23. Rxd7 Rxd7 24. e3 Qd3 25. Qc1 Ng5 26. f4 Nge4 27. Qa1 Qxe3+ 28. Kh1 Rd2 29. Bc1 Nf2+ 30. Kg1 0-1

[Event "RUS-ch Blitz Women 2018"]
[Site "Sochi"]
[Date "2018.10.07"]
[Round "12"]
[White "Maltsevskaya, Aleksandra"]
[Black "Tomilova, Elena"]
[Result "0-1"]
[ECO "A11"]
[WhiteElo "2290"]
[BlackElo "2328"]
[Annotator "ChessBase"]
[PlyCount "108"]
[EventDate "2018.10.07"]
[EventType "swiss"]
[EventCountry "RUS"]
[SourceTitle "playchess.com"]
[Source "ChessBase"]
[SourceQuality "1"]
[TimeControl "180+2"]

1. c4 c6 2. Nf3 d5 3. e3 Nf6 4. b3 e6 5. Bb2 Nbd7 6. Nc3 Bd6 7. Be2 O-O 8. O-O e5 9. cxd5 cxd5 10. d3 a6 11. Nh4 g6 12. g3 b5 13. Bf3 Bb7 14. Bg2 Qe7 15. Qe2 Rac8 16. e4 d4 17. Nd5 Qe6 18. Nxf6+ Nxf6 19. Bc1 Rc7 20. Bd2 Rfc8 21. Rac1 Rc2 22. Qd1 Rxc1 23. Bxc1 Qg4 24. f3 Qe6 25. f4 exf4 26. gxf4 Qg4 27. Qe1 Bb4 28. Qg3 Qxg3 29. hxg3 Rc2 30. a3 Bf8 31. Nf3 Ng4 32. b4 Ne3 33. Bxe3 dxe3 34. Re1 Bg7 35. e5 Ra2 36. Rxe3 Rxa3 37. Nd4 Bxg2 38. Kxg2 Bf8 39. Nc6 Rc3 40. Nb8 Bxb4 41. Nxa6 Rc2+ 42. Kf3 Bc3 43. d4 Bxd4 44. Rb3 Rc3+ 45. Rxc3 Bxc3 46. Nc5 h5 47. g4 h4 48. Kg2 b4 49. Kh3 Bd2 50. f5 g5 51. Nd3 b3 52. Nb2 Bc3 53. Nd1 Bxe5 54. f6 b2 0-1

[Event "RUS-ch Blitz Women 2018"]
[Site "Sochi"]
[Date "2018.10.07"]
[Round "12"]
[White "Maletina, Tatiana"]
[Black "Shafigullina, Zarina"]
[Result "1-0"]
[ECO "A40"]
[WhiteElo "2270"]
[BlackElo "2150"]
[Annotator "NA"]
[PlyCount "160"]
[EventDate "2018.10.07"]
[EventType "swiss"]
[EventCountry "RUS"]
[SourceTitle "playchess.com"]
[Source "ChessBase"]
[SourceQuality "1"]
[TimeControl "180+2"]

1. d4 Nf6 2. c4 e6 3. g3 d5 4. Nf3 b6 5. cxd5 exd5 6. Bg2 Be7 7. O-O O-O 8. Nc3 c6 {[%emt 0:00:03] E06: Katalanisch} (8... Bb7 9. Qc2 Na6 10. Rd1 Nb4 11. Qb1 Re8 12. a3 Na6 13. b4 c6 14. Qb3 Nc7 15. a4 Bd6 16. Bg5 h6 17. Bxf6 Qxf6 18. e3 {0-1 (34) Gritsak,O (2469)-Golubka,P (2484) Bad Homburg 2018}) 9. Ne5 Bf5 10. h3 $146 ({Vorgänger:} 10. Bf4 b5 11. Rc1 Qb6 12. Re1 Rc8 13. e4 dxe4 14. Nxe4 Nxe4 15. Bxe4 Bxe4 16. Rxe4 Bf6 17. Nxf7 Kxf7 18. Qh5+ g6 19. Qxh7+ Bg7 20. Re7+ Kxe7 21. Qxg7+ Ke6 22. Qxg6+ {1-0 (22) Choma,E (2383)-Chemin,V (2133) Curitiba 2016}) 10... Nfd7 11. Nd3 Bf6 12. Be3 Na6 13. g4 Bg6 14. f4 h5 15. g5 Be7 16. f5 Bh7 17. h4 Nc7 18. Bf2 Bxf5 19. Nf4 g6 20. Bg3 Ne6 21. Nxh5 Nxd4 22. Nf4 Ne6 23. Nd3 Nec5 24. Nf2 Nb8 25. e4 dxe4 26. Nfxe4 Nxe4 27. Nxe4 Qxd1 28. Raxd1 Nd7 29. Nd6 Bxd6 30. Rxd6 Nc5 31. Bxc6 Rad8 32. Rfd1 Rxd6 33. Rxd6 Ne4 34. Bxe4 Bxe4 35. Rd7 a6 36. Be5 Bf5 37. Ra7 Bd3 38. Kf2 Re8 39. Bf6 Rc8 40. Ke3 Bb5 41. Rb7 Re8+ 42. Kd4 Bc6 43. Rxb6 Bb5 44. Rb7 Bf1 45. b4 Bb5 46. Kc5 Rc8+ 47. Kd6 Rc6+ 48. Kd5 Rc8 49. Ra7 Bc4+ 50. Kd4 Bxa2 51. Rxa6 Be6 52. Ra7 Rc4+ 53. Kd3 Rc8 54. Kd2 Bc4 55. Rb7 Bd5 56. Rd7 Be6 57. Re7 Bd5 58. b5 Rb8 59. b6 Be6 60. Kc3 Bd5 61. Kd4 Bf3 62. Kc5 Bg2 $11 63. Rc7 (63. Be5 Rc8+ 64. Kb4 Kf8) 63... Bf3 64. Be5 Re8 65. Bf6 Rb8 66. Rd7 Be4 67. Re7 $2 ({Lieber} 67. Be5 $18 Rc8+ 68. Kd4) 67... Bf3 $18 68. Kb5 Bg2 69. Bd4 Bf3 70. Ka6 Ra8+ 71. Ra7 Rxa7+ 72. Kxa7 Kf8 73. Bc5+ Ke8 74. b7 Bxb7 75. Kxb7 Kd7 76. Bd4 Ke6 77. Kc6 Kf5 78. Kd6 Kg4 79. Bf2 Kf5 80. Ke7 Ke5 1-0

[Event "RUS-ch Blitz Women 2018"]
[Site "Sochi"]
[Date "2018.10.07"]
[Round "12"]
[White "Borisova, Ekaterina"]
[Black "Bivol, Alina"]
[Result "0-1"]
[ECO "A45"]
[WhiteElo "2256"]
[BlackElo "2403"]
[Annotator "NA"]
[PlyCount "136"]
[EventDate "2018.10.07"]
[EventType "swiss"]
[EventCountry "RUS"]
[SourceTitle "playchess.com"]
[Source "ChessBase"]
[SourceQuality "1"]
[TimeControl "180+2"]

1. d4 Nf6 2. g3 g6 3. Bg2 Bg7 4. Nf3 O-O 5. O-O d6 6. c4 Nc6 7. Nc3 Rb8 8. Qd3 {[%emt 0:00:03] E62: King's Indian: Fianchetto: 6...c6 and Panno Variation (6...Nc6) without ...a6} (8. b3 a6 9. d5 Na5 10. Bd2 c5 11. dxc6 Nxc6 12. Qc1 Bd7 13. Bh6 b5 14. Bxg7 Kxg7 15. cxb5 axb5 16. Qb2 Kg8 17. b4 Qb6 18. Rfd1 Rfc8 {½-½ (77) Inarkiev,E (2689)-Zhao,J (2604) Riadh 2017}) 8... e5 9. dxe5 dxe5 10. Qxd8 Rxd8 11. Bg5 Be6 12. Nd2 h6 13. Bxf6 Rxd2 14. Bxg7 Kxg7 15. Bxc6 bxc6 16. b3 $146 f5 17. Rfd1 Rbd8 18. Kf1 R8d6 19. Ke1 Rc2 20. Rac1 Rxc1 21. Rxc1 Kf6 22. h4 g5 23. hxg5+ hxg5 24. Na4 e4 25. Nc5 Bc8 26. e3 Ke5 27. Ke2 f4 28. gxf4+ gxf4 29. Rg1 Bf5 30. Rg5 fxe3 31. fxe3 Kf6 32. Rg8 Bg6 33. Rh8 Kg5 34. Rg8 Kh4 35. Ke1 Kh5 (35... Bh5 $1 $14) 36. Rg7 a5 37. Rxc7 Kg5 38. Re7 Kf6 39. Rc7 Ke5 40. Nd7+ Kf5 41. Nf8 Bh5 42. Re7 Rd1+ 43. Kf2 Rd2+ 44. Kg3 Rxa2 45. Rh7 Bf3 46. Rf7+ Ke5 47. Ng6+ Ke6 48. Rc7 Rg2+ 49. Kf4 Rxg6 50. Rxc6+ Kf7 51. Rc7+ Ke8 52. Ra7 Rf6+ 53. Ke5 Rh6 54. Ra8+ Kd7 55. Ra7+ Kc8 56. Kd4 Rh5 57. c5 Kb8 58. Rxa5 Kc7 59. b4 Bg2 60. b5 Rh8 61. Ra7+ Kb8 62. Rg7 Bf1 63. b6 Bb5 64. Kc3 Bc6 65. Rc7 Bd5 66. Kb4 Rh1 67. Rd7 Bc6 $11 68. Kc4 Bxd7 0-1

[Event "RUS-ch Blitz Women 2018"]
[Site "Sochi"]
[Date "2018.10.07"]
[Round "12"]
[White "Kabanova, Ekaterina"]
[Black "Styazhkina, Anna"]
[Result "0-1"]
[ECO "A20"]
[WhiteElo "2082"]
[BlackElo "2268"]
[Annotator "ChessBase"]
[PlyCount "88"]
[EventDate "2018.10.07"]
[EventType "swiss"]
[EventCountry "RUS"]
[SourceTitle "playchess.com"]
[Source "ChessBase"]
[SourceQuality "1"]
[TimeControl "180+2"]

1. c4 e5 2. e3 Nf6 3. a3 d5 4. cxd5 Nxd5 5. Qc2 Be7 6. Nf3 f6 7. Bc4 c6 8. Qb3 b5 9. Bd3 Be6 10. Qc2 g6 11. h4 Bf7 12. h5 Rg8 13. hxg6 hxg6 14. b4 Nd7 15. Bb2 Rc8 16. Rh6 g5 17. Bg6 Bxg6 18. Rxg6 Kf7 19. Rh6 Qf8 20. Rh7+ Rg7 21. Nc3 N7b6 22. Qf5 Rxh7 23. Nxg5+ Ke8 24. Nxh7 Qg7 25. Ne4 Nd7 26. Ke2 Kd8 27. Rc1 N5b6 28. d4 Nc4 29. Ba1 exd4 30. Bxd4 Qf7 31. Bc5 Bxc5 32. bxc5 Qd5 33. Qg6 Kc7 34. Qg3+ Kb7 35. Rd1 Qe6 36. Nd6+ Nxd6 37. Rxd6 Qa2+ 38. Kf3 Ne5+ 39. Kf4 Rg8 40. Qh3 Qxf2+ 41. Ke4 Rg4+ 42. Qxg4 Nxg4 43. Rd7+ Kc8 44. Rd4 Qxe3+ 0-1

[Event "RUS-ch Blitz Women 2018"]
[Site "Sochi"]
[Date "2018.10.07"]
[Round "13"]
[White "Kashlinskaya, Alina"]
[Black "Vasilevich, Irina"]
[Result "1-0"]
[ECO "A40"]
[WhiteElo "2447"]
[BlackElo "2160"]
[Annotator "NA"]
[PlyCount "57"]
[EventDate "2018.10.07"]
[EventType "swiss"]
[EventCountry "RUS"]
[SourceTitle "playchess.com"]
[Source "ChessBase"]
[SourceQuality "1"]
[TimeControl "180+2"]

1. d4 e6 2. c4 b6 3. e4 Bb7 4. Bd3 d6 5. Nc3 Nd7 6. Nf3 Be7 7. O-O g5 8. Be3 g4 9. Nd2 h5 10. f4 gxf3 11. Nxf3 Nh6 12. h3 a6 13. Qd2 Ng8 14. e5 dxe5 15. Nxe5 Nxe5 16. dxe5 Bc5 17. Rad1 Qe7 18. Be4 Bxe4 19. Nxe4 Bxe3+ 20. Qxe3 Rd8 21. Rxd8+ Qxd8 22. Kh1 h4 23. Qf3 Nh6 24. Rd1 Qe7 25. Nf6+ Kf8 26. Rd7 Qb4 27. Rd8+ Kg7 28. Nh5+ Kh7 29. Rxh8+ 1-0

[Event "RUS-ch Blitz Women 2018"]
[Site "Sochi"]
[Date "2018.10.07"]
[Round "13"]
[White "Bodnaruk, Anastasia"]
[Black "Guseva, Marina"]
[Result "1-0"]
[ECO "B12"]
[WhiteElo "2423"]
[BlackElo "2292"]
[Annotator "NA"]
[PlyCount "217"]
[EventDate "2018.10.07"]
[EventType "swiss"]
[EventCountry "RUS"]
[SourceTitle "playchess.com"]
[Source "ChessBase"]
[SourceQuality "1"]
[TimeControl "180+2"]

1. e4 c6 2. d4 d5 3. e5 Bf5 4. g4 Be4 5. f3 Bg6 6. e6 Qd6 7. exf7+ Bxf7 8. Nh3 Nd7 9. c3 e5 10. dxe5 Qxe5+ 11. Qe2 Qxe2+ 12. Bxe2 Bd6 13. Bf4 Bxf4 14. Nxf4 Ngf6 15. Nd2 g5 16. Nd3 h5 17. gxh5 Nxh5 18. O-O-O O-O-O 19. Rhg1 Nf4 20. Nxf4 gxf4 21. Nf1 Rde8 22. Bd3 Ne5 23. Be2 Be6 24. Rd4 Bh3 25. Nd2 Bd7 26. Rg2 Rh4 27. b4 Reh8 28. Kd1 Rxh2 29. Rxh2 Rxh2 30. Rxf4 Rh1+ 31. Kc2 Rh2 32. Kd1 Rh1+ 33. Kc2 Rh2 34. Kd1 Rh1+ 35. Kc2 Kc7 36. a4 Rh2 37. Kd1 c5 38. bxc5 Bxa4+ 39. Rxa4 Rh1+ 40. Kc2 Rh2 41. Kd1 Rh1+ 42. Kc2 Rh2 43. Kd1 Rh1+ 44. Nf1 Nxf3 45. Bxf3 Rxf1+ 46. Ke2 Rc1 47. Kd2 Rf1 48. Bxd5 Rf5 49. c4 b5 50. cxb6+ axb6 51. Ra7+ Kd6 52. Rb7 Kc5 53. Rb8 Rh5 54. Kc2 Rh3 55. Rc8+ Kb4 56. Rc6 Ka5 57. Kb2 Rg3 58. Rc8 Kb4 59. Be6 Re3 60. Bd7 Re2+ 61. Kc1 Kc3 62. Ba4 Re1+ 63. Bd1 Re4 64. c5 bxc5 65. Rxc5+ Kb4 66. Rd5 Kc3 67. Rd8 Rd4 68. Rc8+ Kb4 69. Bc2 Rc4 70. Rb8+ Kc3 71. Rb3+ Kd4 72. Rh3 Rc3 73. Rh4+ Kc5 74. Kd2 Rg3 75. Bd3 Rf3 76. Kc3 Rg3 77. Rh5+ Kd6 78. Kd4 Rg4+ 79. Be4 Rg1 80. Rh6+ Kc7 81. Rh7+ Kd6 82. Rh6+ Kc7 83. Bf3 Rf1 84. Bd5 Rd1+ 85. Kc5 Rc1+ 86. Bc4 Rd1 87. Ra6 Rb1 88. Ra7+ Rb7 89. Ra8 Rb8 90. Ra6 Rb1 91. Rf6 Rd1 92. Bb3 Rc1+ 93. Bc4 Rd1 94. Rg6 Rd2 95. Bb3 Rd3 96. Bc4 Rd1 97. Rc6+ Kd7 98. Rf6 Re1 99. Rf7+ Re7 100. Rf5 Re1 101. Rf6 Re5+ 102. Bd5 Re1 103. Rf7+ Re7 104. Rf8 Re1 105. Bc6+ Kc7 106. Rf7+ Kd8 107. Kd6 Rd1+ 108. Bd5 Ke8 109. Rg7 {[%emt 0:00:06] Kf7} 1-0

[Event "RUS-ch Blitz Women 2018"]
[Site "Sochi"]
[Date "2018.10.07"]
[Round "13"]
[White "Shuvalova, Polina"]
[Black "Ivanova, Karina"]
[Result "1-0"]
[ECO "C41"]
[WhiteElo "2421"]
[BlackElo "2124"]
[Annotator "NA"]
[PlyCount "55"]
[EventDate "2018.10.07"]
[EventType "swiss"]
[EventCountry "RUS"]
[SourceTitle "playchess.com"]
[Source "ChessBase"]
[SourceQuality "1"]
[TimeControl "180+2"]

1. e4 d6 2. d4 Nf6 3. Nc3 e5 4. Nf3 Nbd7 5. Bc4 Be7 6. O-O O-O 7. Re1 c6 8. a4 b6 9. Ba2 a6 10. h3 Bb7 11. dxe5 dxe5 12. Nh4 Qc7 13. Nf5 Bb4 14. Qf3 Kh8 15. Bg5 Ng8 16. h4 f6 17. Be3 Ne7 18. Nxe7 Bxe7 19. h5 Nc5 20. Rad1 Bc8 21. h6 g6 22. Qe2 a5 23. Rd2 Ne6 24. Red1 Nf4 25. Qf3 g5 26. Ne2 Be6 27. Bxe6 Nxe6 28. Rd7 1-0

[Event "RUS-ch Blitz Women 2018"]
[Site "Sochi"]
[Date "2018.10.07"]
[Round "13"]
[White "Bivol, Alina"]
[Black "Shafigullina, Zarina"]
[Result "1-0"]
[ECO "A05"]
[WhiteElo "2403"]
[BlackElo "2150"]
[Annotator "NA"]
[PlyCount "45"]
[EventDate "2018.10.07"]
[EventType "swiss"]
[EventCountry "RUS"]
[SourceTitle "playchess.com"]
[Source "ChessBase"]
[SourceQuality "1"]
[TimeControl "180+2"]

1. Nf3 Nf6 2. g3 b6 3. Bg2 Bb7 4. c4 c5 5. O-O g6 6. Nc3 Bg7 7. e3 O-O 8. d4 cxd4 9. exd4 d5 10. Ne5 Ne4 11. Nxd5 Bxd5 12. cxd5 Qxd5 13. Re1 f5 14. Bf4 Nc6 15. Nxc6 Qxc6 16. Qb3+ Kh8 17. Rac1 Qb7 18. Rc7 Qa6 19. Rxe7 Bxd4 20. Bxe4 fxe4 21. R1xe4 Bf6 22. Rf7 Rxf7 23. Qxf7 1-0

[Event "RUS-ch Blitz Women 2018"]
[Site "Sochi"]
[Date "2018.10.07"]
[Round "13"]
[White "Ambartsumova, Karina"]
[Black "Sukhareva, Evgeniya"]
[Result "1-0"]
[ECO "B06"]
[WhiteElo "2379"]
[BlackElo "2125"]
[Annotator "NA"]
[PlyCount "95"]
[EventDate "2018.10.07"]
[EventType "swiss"]
[EventCountry "RUS"]
[SourceTitle "playchess.com"]
[Source "ChessBase"]
[SourceQuality "1"]
[TimeControl "180+2"]

1. e4 g6 2. d4 Bg7 3. Nc3 d6 4. Be3 c6 5. h4 Nf6 6. Qd2 h5 7. f3 b5 8. Nh3 Qc7 9. Ng5 Nbd7 10. a4 b4 11. Nd1 a5 12. c3 bxc3 13. bxc3 e5 14. Nf2 Ba6 15. Bxa6 Rxa6 16. O-O O-O 17. Rfd1 c5 18. Rab1 exd4 19. cxd4 Nh7 20. d5 Nxg5 21. Bxg5 Rb8 22. Qc2 Rb4 23. Bd2 Rb8 24. Qc4 Raa8 25. Rb5 Nb6 26. Qc2 Qd8 27. Bxa5 Rxa5 28. Rxa5 Qxh4 29. Rb5 Be5 30. a5 Nd7 31. Rxb8+ Nxb8 32. Rb1 Na6 33. Qe2 Nb4 34. a6 Qh2+ 35. Kf1 Nxa6 36. Qxa6 Bd4 37. Qe2 h4 38. Rd1 Be5 39. Rb1 Qg3 40. Nh3 Qh2 41. Rd1 c4 42. Qxc4 Qh1+ 43. Ng1 Bh2 44. Qd4 Be5 45. Qf2 Bg3 46. Qe3 Be5 47. f4 Bg7 48. Qh3 1-0

[Event "RUS-ch Blitz Women 2018"]
[Site "Sochi"]
[Date "2018.10.07"]
[Round "13"]
[White "Vasilevich, Tatjana"]
[Black "Petrochenko, Maria"]
[Result "1-0"]
[ECO "D12"]
[WhiteElo "2360"]
[BlackElo "1903"]
[Annotator "NA"]
[PlyCount "127"]
[EventDate "2018.10.07"]
[EventType "swiss"]
[EventCountry "RUS"]
[SourceTitle "playchess.com"]
[Source "ChessBase"]
[SourceQuality "1"]
[TimeControl "180+2"]

1. d4 d5 2. c4 c6 3. Nf3 Nf6 4. e3 Bf5 5. Nc3 e6 6. Nh4 Bg6 7. Nxg6 hxg6 8. a3 Nbd7 9. g3 Bd6 10. Bd3 Qe7 11. c5 Bc7 12. f4 b6 13. b4 a5 14. Bd2 axb4 15. axb4 O-O 16. O-O Rfb8 17. Qc2 Qd8 18. b5 bxc5 19. bxc6 cxd4 20. exd4 Nb6 21. Nb5 Ne8 22. Rfb1 Nd6 23. Ba5 Nxb5 24. Bxb5 Qd6 25. Qc5 Qd8 26. Kg2 Nc8 27. Bxc7 Qxc7 28. Rxa8 Rxa8 29. Bf1 Nd6 30. Bd3 Rc8 31. Rb6 Kh7 32. Ra6 Kg8 33. Bb5 Ne4 34. Qb6 Nc3 35. Qxc7 Rxc7 36. Bd3 Kf8 37. Kf3 Ke7 38. Ke3 Kd6 39. Kd2 Ne4+ 40. Bxe4 dxe4 41. Ke3 Rxc6 42. Ra7 Rc7 43. Ra6+ Kd5 44. Ra5+ Kd6 45. Kxe4 Rc2 46. h4 Rc3 47. Ra6+ Ke7 48. g4 Rh3 49. d5 exd5+ 50. Kxd5 Rxh4 51. Ra7+ Kf6 52. g5+ Kf5 53. Rxf7+ Kg4 54. Ke5 Rh7 55. Ke6 Kf3 56. f5 gxf5 57. Kxf5 Ke3 58. Kg6 Rh1 59. Kxg7 Rg1 60. g6 Ke4 61. Kh7 Rh1+ 62. Kg8 Ke5 63. g7 Rg1 64. Kf8 1-0

[Event "RUS-ch Blitz Women 2018"]
[Site "Sochi"]
[Date "2018.10.07"]
[Round "13"]
[White "Voit, Daria"]
[Black "Dordzhieva, Dinara"]
[Result "1/2-1/2"]
[ECO "A06"]
[WhiteElo "2352"]
[BlackElo "2340"]
[Annotator "NA"]
[PlyCount "77"]
[EventDate "2018.10.07"]
[EventType "swiss"]
[EventCountry "RUS"]
[SourceTitle "playchess.com"]
[Source "ChessBase"]
[SourceQuality "1"]
[TimeControl "180+2"]

1. Nf3 d5 2. g3 Nf6 3. Bg2 e6 4. O-O Be7 5. c4 c6 6. d4 O-O 7. Qc2 b6 8. Rd1 Na6 9. Bf4 Bb7 10. cxd5 cxd5 11. Nc3 Nb4 12. Qb3 Rc8 13. a3 Nc6 14. Rac1 Na5 15. Qa2 Nc4 16. Ne5 Nh5 17. Nxc4 Rxc4 18. Be3 Qd7 19. Nb1 Rfc8 20. Rxc4 Rxc4 21. Rc1 Rxc1+ 22. Bxc1 Nf6 23. Nc3 h6 24. Qb3 Qc6 25. Bd2 Ba6 26. e3 Ne8 27. e4 dxe4 28. Bxe4 Qd7 29. d5 Nf6 30. Bg2 exd5 31. Nxd5 Nxd5 32. Bxd5 Bc5 33. Kg2 Qf5 34. Qf3 Qxf3+ 35. Kxf3 Kf8 36. Bf4 Bc8 37. b4 Bd4 38. Bb8 a6 39. Bd6+ 1/2-1/2

[Event "RUS-ch Blitz Women 2018"]
[Site "Sochi"]
[Date "2018.10.07"]
[Round "13"]
[White "Kovanova, Baira"]
[Black "Goltseva, Ekaterina"]
[Result "1/2-1/2"]
[ECO "A34"]
[WhiteElo "2350"]
[BlackElo "2169"]
[Annotator "NA"]
[PlyCount "96"]
[EventDate "2018.10.07"]
[EventType "swiss"]
[EventCountry "RUS"]
[SourceTitle "playchess.com"]
[Source "ChessBase"]
[SourceQuality "1"]
[TimeControl "180+2"]

1. c4 c5 2. Nc3 Nf6 3. g3 d5 4. cxd5 Nxd5 5. Bg2 Nc7 6. Nf3 Nc6 7. d3 e5 8. O-O Be7 9. a4 O-O 10. a5 Rb8 11. Nd2 Nd4 12. Nc4 f6 13. e3 Nf5 14. Qc2 Be6 15. b3 Na6 16. Ba3 Nb4 17. Bxb4 cxb4 18. Ne4 Qd7 19. Rfd1 b5 20. axb6 axb6 21. Qb2 b5 22. Na5 Rbc8 23. d4 exd4 24. exd4 Bd5 25. Nc5 Qd8 26. Nab7 Bxb7 27. Nxb7 Qb6 28. Qb1 Nxd4 29. Qe4 Nc6 30. Rac1 Ne5 31. Qd5+ Kh8 32. Kf1 h6 33. Bh3 Rb8 34. Bg2 Rbc8 35. Bh3 Rb8 36. Bg2 Rbc8 37. Bh3 Rc3 38. Bg2 Rfc8 39. Rxc3 bxc3 40. Be4 c2 41. Rc1 b4 42. Rxc2 Rxc2 43. Bxc2 Ng4 44. Qg2 Qd4 45. h3 Qa1+ 46. Ke2 Qe5+ 47. Qe4 Qxe4+ 48. Bxe4 Ne5 1/2-1/2

[Event "RUS-ch Blitz Women 2018"]
[Site "Sochi"]
[Date "2018.10.07"]
[Round "13"]
[White "Charochkina, Daria"]
[Black "Tomilova, Elena"]
[Result "1/2-1/2"]
[ECO "A50"]
[WhiteElo "2344"]
[BlackElo "2328"]
[Annotator "NA"]
[PlyCount "84"]
[EventDate "2018.10.07"]
[EventType "swiss"]
[EventCountry "RUS"]
[SourceTitle "playchess.com"]
[Source "ChessBase"]
[SourceQuality "1"]
[TimeControl "180+2"]

1. d4 Nf6 2. c4 b6 3. Nc3 Bb7 4. Qc2 d5 5. cxd5 Nxd5 6. Nxd5 Bxd5 7. e4 Bb7 8. Nf3 g6 9. Bc4 Bg7 10. Bxf7+ Kxf7 11. Ng5+ Ke8 12. Ne6 Qd6 13. Nxg7+ Kf7 14. Bh6 e6 15. O-O Nd7 16. Rad1 Rhg8 17. f4 Rxg7 18. Bxg7 Kxg7 19. f5 exf5 20. exf5 Nf6 21. d5 Bxd5 22. fxg6 hxg6 23. Qf2 Rf8 24. Qe2 c6 25. h3 Rf7 26. Rde1 Qg3 27. Qd2 Qd6 28. Re3 Re7 29. Rxe7+ Qxe7 30. Qg5 Qc5+ 31. Kh1 Ne4 32. Qe5+ Kh7 33. Qc7+ Kh6 34. Qf4+ Kh7 35. Qc7+ Kh6 36. Qf4+ Kh7 37. Qc7+ Kh6 38. Qf4+ g5 39. Qe5 Qc2 40. Qh8+ Kg6 41. Qe8+ Kh6 42. Qh8+ Kg6 1/2-1/2

[Event "RUS-ch Blitz Women 2018"]
[Site "Sochi"]
[Date "2018.10.07"]
[Round "13"]
[White "Belenkaya, Dina"]
[Black "Vinokur, Yuliya"]
[Result "1-0"]
[ECO "B03"]
[WhiteElo "2329"]
[BlackElo "2170"]
[Annotator "NA"]
[PlyCount "89"]
[EventDate "2018.10.07"]
[EventType "swiss"]
[EventCountry "RUS"]
[SourceTitle "playchess.com"]
[Source "ChessBase"]
[SourceQuality "1"]
[TimeControl "180+2"]

1. e4 Nf6 2. e5 Nd5 3. d4 d6 4. c4 Nb6 5. exd6 cxd6 6. Nc3 g6 7. Be3 Bg7 8. Rc1 O-O 9. b3 Bf5 10. Be2 d5 11. c5 Nc8 12. Nf3 Bg4 13. O-O Nc6 14. a3 e6 15. b4 a6 16. h3 Bxf3 17. Bxf3 N8e7 18. Qd2 Nf5 19. Ne2 Nh4 20. Bg4 h5 21. Bg5 Bf6 22. Bxh4 Bxh4 23. Bf3 Bg5 24. Qd3 Bxc1 25. Rxc1 Qf6 26. Rd1 Rad8 27. Nc3 Ne7 28. a4 Nf5 29. b5 axb5 30. axb5 Ra8 31. b6 Ra3 32. Nxd5 exd5 33. Qxa3 Nxd4 34. Bxd5 Ne2+ 35. Kf1 Nc3 36. Rd3 Nxd5 37. Rxd5 Re8 38. Qd3 Ra8 39. g3 Ra2 40. Rd8+ Kh7 41. Qd4 Rxf2+ 42. Qxf2 Qxd8 43. Qxf7+ Kh6 44. Qf4+ Kh7 45. Qc7+ 1-0

[Event "RUS-ch Blitz Women 2018"]
[Site "Sochi"]
[Date "2018.10.07"]
[Round "13"]
[White "Maltsevskaya, Aleksandra"]
[Black "Styazhkina, Anna"]
[Result "1-0"]
[ECO "A22"]
[WhiteElo "2290"]
[BlackElo "2268"]
[Annotator "NA"]
[PlyCount "59"]
[EventDate "2018.10.07"]
[EventType "swiss"]
[EventCountry "RUS"]
[SourceTitle "playchess.com"]
[Source "ChessBase"]
[SourceQuality "1"]
[TimeControl "180+2"]

1. c4 e5 2. Nc3 Nf6 3. e3 d5 4. cxd5 Nxd5 5. Qh5 Nb4 6. Qxe5+ Be7 7. Qe4 g6 8. g4 Bd7 9. f3 Bc6 10. Qb1 O-O 11. a3 Bh4+ 12. Kd1 Nd5 13. d4 Re8 14. Qd3 Nxc3+ 15. Qxc3 Qd5 16. Bd2 Ba4+ 17. Kc1 Nc6 18. Bc4 Qd7 19. b3 b5 20. Bd3 Bf6 21. Ne2 a5 22. bxa4 b4 23. Qc2 Rab8 24. Bb5 Rb6 25. axb4 Qd6 26. bxa5 Rxb5 27. axb5 Nb4 28. Qc4 Nd5 29. e4 Ne7 30. e5 1-0